 Dungeon Sprint DCSS version 0.15-a0-1819-g0448553 (console) character file.

178 nrook the Conjurer (level 5, -8/28 HPs)
             Began as a Gargoyle Earth Elementalist on June 26, 2014.
             Was a Follower of Qazlal.
             Mangled by a hill giant
             ... wielding a +0 giant spiked club
              (28 damage)
             ... in the Dungeon (Sprint IX: "|||||||||||||||||||||||||||||") on July 2, 2014.
             The game lasted 00:05:32 (315 turns).

nrook the Conjurer (Gargoyle Earth Elementalist)     Turns: 315, Time: 00:05:32

HP  -8/28        AC 11     Str 11      XL: 5   Next: 58%
MP   3/14        EV 12     Int 17      God: Qazlal [*.....]
Gold 0           SH  1     Dex 10      Spells:  3 memorised,  7 levels left

rFire  . . .     SeeInvis .     a - +0 dagger
rCold  . . .     Clarity  .     c - +0 robe
rNeg   + . .     rCorr    .     (no shield)
rPois  +         rRot     +     q - +0 helmet
rElec  +         Spirit   .     (no cloak)
SustAb .         Warding  .     (no gloves)
rMut   .         NoTele   +     r - +0 pair of boots
Gourm  .                        (no amulet)
MR     .....                    (no ring)
                                (no ring)

@: stone skin, not resistant to hostile enchantments, unstealthy
A: life protection 1, electricity resistance, unbreathing, petrification
resistance, rot immunity, AC +4
a: Renounce Religion


You were in the Dungeon.
You worshipped Qazlal.
Qazlal was aware of your devotion.
You were not hungry.

You visited 1 branch


Innate Abilities, Weirdness & Mutations

You are resistant to torment.
You are immune to poison.
Your stone body is very resilient (AC +4).
You resist negative energy.
You are resistant to electric shocks.
You can survive without breathing.
You are immune to petrification.
You are immune to rotting.


   Skills:
 + Level 0.0 Fighting
 - Level 2.0 Dodging
 - Level 2.8 Stealth
 - Level 4.9 Spellcasting
 - Level 8.7 Conjurations
 - Level 0.7 Transmutations
 - Level 7.0 Earth Magic


You had 7 spell levels left.
You knew the following spells:

 Your Spells              Type           Power        Failure   Level  Hunger
a - Sandblast             Erth           ####..       1%          1    None
b - Stone Arrow           Conj/Erth      ####..       1%          3    ###....
o - Stoneskin             Trmt/Erth      ###.......   4%          2    #......

Inventory:

Hand weapons
 a - a +0 dagger (weapon)
 p - the +2 scimitar "Ettuch" {slice, rN+}
   (You found it in the Dungeon)

   It inflicts extra damage upon your enemies.
   It protects you from negative energy.
Missiles
 b - 15 stones (quivered)
Armour
 c - a +0 robe (worn)
 q - a +0 helmet (worn)
 r - a +0 pair of boots (worn)
Magical devices
 o - a wand of fire (6)
Comestibles
 e - a bread ration
 k - a rotting chunk of giant cockroach flesh
Scrolls
 j - 2 scrolls of blinking
 m - 3 scrolls of remove curse
 n - 2 scrolls of amnesia
Jewellery
 s - a +2 ring of evasion
 t - a +2 ring of evasion
Potions
 f - 3 potions of heal wounds
 g - a potion of haste
 h - 4 potions of magic
 i - a potion of invisibility
 l - 4 potions of curing
Books
 d - a book of Geomancy

   Spells                             Type                      Level
   *Sandblast                         Earth                        1
   *Stoneskin                         Transmutation/Earth          2
   Passwall                           Transmutation/Earth          3
   *Stone Arrow                       Conjuration/Earth            3
   Petrify                            Transmutation/Earth          4
   Lee's Rapid Deconstruction         Earth                        5


Message History

Qazlal accepts your kill.
You are surrounded by a storm.
Your Conjurations skill gained 4 levels and is now at level 8!
You have reached level 5!
Casting: Stone Arrow
Confirm with . or Enter, or press ? or * to list all spells.
Okay, then.
Unknown command.
Evoke which item? (* to show all) (? for menu, Esc to quit)
Okay, then.
Unknown command.
Casting: Stone Arrow
Confirm with . or Enter, or press ? or * to list all spells.
Aiming: Stone Arrow
Press: ? - help, Shift-Dir - straight line, f - giant gecko, p - hobgoblin
Aim: a giant gecko (clinging)
The stone arrow hits the hill giant.
The hill giant is heavily wounded.
The hill giant hits you with a giant spiked club!!
Ouch! That really hurt!
You die...

#'#
#.#
#.#
#|#
#)#
#.#
#.#
#[#
#.#
#.#
#@#
#C#
#g#
#.#
#l#
#.#
#.#
#+#


You could see a hill giant, a giant gecko and a hobgoblin.

Vanquished Creatures
  An ogre (D)
  A scorpion (D)
  An orc wizard (D)
  2 bats (D)
  2 giant cockroaches (D)
  A goblin (D)
  2 quokkas (D)
  A goblin zombie (D)
  A kobold (D)
  A rat (D)
13 creatures vanquished.

Notes
Turn   | Place    | Note
--------------------------------------------------------------
     0 | D        | nrook, the Gargoyle Earth Elementalist, began the quest for the Orb.
     0 | D        | Reached XP level 1. HP: 10/10 MP: 3/3
    20 | D        | Upgraded the game from 0.15-a0-1704-gd0042cd to 0.15-a0-1819-g0448553
    23 | D        | Reached skill level 4 in Earth Magic
   148 | D        | Noticed a scorpion
   156 | D        | Killed a scorpion
   156 | D        | Reached skill level 6 in Earth Magic
   156 | D        | Reached XP level 2. HP: 15/15 MP: 0/8
   156 | D        | Reached XP level 3. HP: 19/19 MP: 0/10
   171 | D        | Reached skill level 7 in Earth Magic
   171 | D        | Reached XP level 4. HP: 24/24 MP: 1/12
   178 | D        | Learned a level 2 spell: Stoneskin
   182 | D        | Learned a level 3 spell: Stone Arrow
   249 | D        | Found a glowing silver altar of Zin.
   249 | D        | Found a glowing golden altar of the Shining One.
   249 | D        | Found an ancient bone altar of Kikubaaqudgha.
   249 | D        | Found a basalt altar of Yredelemnul.
   249 | D        | Found a shimmering altar of Xom.
   249 | D        | Found a radiant altar of Vehumet.
   249 | D        | Found an iron altar of Okawaru.
   250 | D        | Found a burning altar of Makhleb.
   251 | D        | Found a deep blue altar of Sif Muna.
   252 | D        | Found a bloodstained altar of Trog.
   253 | D        | Found a sparkling altar of Nemelex Xobeh.
   254 | D        | Found a white marble altar of Elyvilon.
   255 | D        | Found a roughly hewn altar of Beogh.
   256 | D        | Found a viscous altar of Jiyva.
   257 | D        | Found a corrupted altar of Lugonu.
   258 | D        | Found a blossoming altar of Fedhas.
   259 | D        | Found a snail-covered altar of Cheibriados.
   260 | D        | Found a shadowy altar of Dithmenos.
   261 | D        | Found a stormy altar of Qazlal.
   262 | D        | Found an opulent altar of Gozag.
   272 | D        | Became a worshipper of Qazlal Stormbringer
   283 | D        | Got the +2 scimitar "Ettuch" {slice, rN+}
   297 | D        | Noticed an orc wizard
   297 | D        | Noticed an ogre
   297 | D        | Noticed a hill giant
   312 | D        | Killed an orc wizard
   314 | D        | Killed an ogre
   314 | D        | Acquired Qazlal's first power
   314 | D        | Reached skill level 8 in Conjurations
   314 | D        | Reached XP level 5. HP: 19/28 MP: 5/14
   315 | D        | Mangled by a hill giant

Vault maps used:
D:        linesprint

Action                   |  1- 3 |  4- 6 || total
-------------------------+-------+-------++-------
Melee: Unarmed           |    40 |       ||    40
       Dagger            |       |    11 ||    11
 Cast: Sandblast         |     6 |       ||     6
       Stone Arrow       |       |     3 ||     3
       Stoneskin         |       |     1 ||     1
Evoke: Wand              |       |     1 ||     1
  Use: Potion            |     2 |       ||     2
